 Dungeon Crawl Stone Soup version 0.30-a0-738-g116ff8c (webtiles) character file.

Game seed: 10036859199569828965

366 Illumine the Changer (level 7, -2/57 HPs)
             Began as a Meteoran Transmuter on Feb 3, 2023.
             Was an Initiate of Cheibriados.
             Slain by an adder (3 damage)
             ... on level 5 of the Dungeon.
             The game lasted 00:04:21 (1858 turns).

Illumine the Changer (Meteoran Transmuter)          Turns: 1858, Time: 00:04:21

Health: -2/57      AC:  2    Str: 12    XL:     7   Next: 21%
Magic:  12/12      EV: 14    Int: 17    God:    Cheibriados [......]
Gold:   195        SH:  0    Dex: 17    Spells: 4/12 levels left

rFire   . . .      SeeInvis .      - Unarmed
rCold   . . .      Faith    .    (no shield)
rNeg    . . .      Spirit   .    a - +0 robe
rPois   .          Reflect  .    (helmet currently unavailable)
rElec   .          Harm     .    (no cloak)
rCorr   .          Rampage  .    (no gloves)
Will    .....                    (boots currently unavailable)
Stlth   +                        l - amulet of magic regeneration
HPRegen 0.29/turn                (no ring)
MPRegen 0.53/turn                (no ring)

@: mighty, lethally poisoned (-2 -> -3), appendages, attractive, glowing, very
slow
A: horns 2, talons 2, sense surroundings 1, otherworldly, glowing, explore regen
a: End Transformation, Renounce Religion


You were on level 5 of the Dungeon.
You worshipped Cheibriados.
Cheibriados was noncommittal.
You had temporarily grown beastly horns and talons.
You visited 2 branches of the dungeon, and saw 6 of its levels.

You collected 195 gold pieces.

Inventory:

Hand Weapons
 b - a +2 flail of holy wrath
Armour
 a - a +0 robe (worn)
Jewellery
 l - an amulet of magic regeneration (around neck)
Wands
 g - a wand of polymorph (9)
Scrolls
 c - a scroll of blinking
 d - a scroll of magic mapping {unknown}
 e - a scroll of immolation {unknown}
 f - a scroll of identify
 h - a scroll of poison {unknown}
 k - a scroll of torment {unknown}
Potions
 i - a potion of attraction


   Skills:
 + Level 3.2 Fighting
 + Level 4.2 Dodging
 + Level 4.5 Unarmed Combat
 - Level 3.1 Spellcasting
 * Level 5.2 Transmutations
 + Level 1.9 Poison Magic


You had 4 spell levels left.
You knew the following spells:

 Your Spells              Type           Power      Damage    Failure   Level
a - Beastly Appendage     Tmut           40%        N/A       1%          1
b - Wereblood             Tmut           20%        N/A       3%          2
c - Spider Form           Tmut/Pois      14%        N/A       12%         3
d - Blink                 Tloc           4%         N/A       26%         2

Your spell library contained the following spells:

 Spells                   Type           Power      Damage    Failure   Level
 Foxfire                  Conj/Fire      8%         2x1d4     17%         1
 Magic Dart               Conj           8%         1d3       17%         1
 Call Imp                 Summ           2%         N/A       26%         2
 Lesser Beckoning         Tloc           4%         N/A       26%         2
 Momentum Strike          Conj/Tloc      4%         3d8       26%         2
 Mephitic Cloud           Conj/Pois/Air  4%         N/A       36%         3
 Ice Form                 Ice/Tmut       11%        N/A       52%         4
 Fireball                 Conj/Fire      1%         3d3       99%         5
 Starburst                Conj/Fire      1%         6d3       100%        6


Dungeon Overview and Level Annotations

Branches:
Dungeon (5/15) Zot: 1782   Temple (1/1) D:5 Zot: 874

Altars:
Cheibriados
Fedhas
Hepliaklqana
Nemelex Xobeh
Okawaru
Qazlal
Trog
Uskayaw
Wu Jian
Yredelemnul
Zin

Annotations:
D:3 Sigmund


Innate Abilities, Weirdness & Mutations

You have temporarily grown beastly horns and talons.
You passively map a small area around you.
You are easily found by Zot.
You glow in the dark.
You regain HP and MP as you explore.


Message History

The adder hisses angrily.
Your transformation has ended.
Your +0 robe unmelds from your body.
The adder bites you.
* * * LOW HITPOINT WARNING * * *
You closely miss the adder. The adder completely misses you.
You barely miss the adder. The adder bites you.
* * * LOW HITPOINT WARNING * * *
You miss the adder. The adder bites you.
* * * LOW HITPOINT WARNING * * *
You are poisoned.
The adder poisons you!
Casting: Spider Form (dangerous; 12% risk of failure)
Confirm with . or Enter, or press ? or * to list all spells.
You grow a pair of large bovine horns.
Your feet morph into talons.
You feel sick. The adder misses you. The adder bites you.
* * * LOW HITPOINT WARNING * * *
You hit the adder. You claw the adder, but do no damage.
The adder is moderately wounded.
* * * LOW HITPOINT WARNING * * *
You feel sick. The adder closely misses you.
You closely miss the adder. You claw the adder. Your headbutt misses the adder.
You punch the adder.
The adder is almost dead.
* * * LOW HITPOINT WARNING * * *
You feel sick. The adder bites you but does no damage.
It was a potion of attraction.
You feel attractive to monsters. The adder bites you but does no damage.
It was a potion of might.
You feel very mighty all of a sudden.
* * * LOW HITPOINT WARNING * * *
You feel sick. The adder completely misses you. The adder closely misses you.
Okay, then.
Okay, then.
As you read the scroll labelled JUIGIE SERO, it crumbles to dust.
It is a scroll of identify.
c - a scroll of blinking
* * * LOW HITPOINT WARNING * * *
You feel sick. The adder bites you.
You die...

, *#.#.......####..##
#.###.#.#####.......#
*
#...................#
,
#.###.#.#####..###..#
* #.....###
#..###..## *
#.###.#####
##........ , #†)...#
######.## , #S###.###
#.... ,* #@.......
#...# * #######..
#.... ,,, ,, , *
#.... * , * ,* * *
#.... ####. * * * * ,
.. , , ## * , * *


You could see an adder.

Vanquished Creatures
  An ogre (D:5)
  A jelly (D:5)
  A hound (D:5)
  An orc priest (D:3)
  Jessica (D:3)
  An iguana (D:4)
  Natasha (D:3)
  3 gnolls (D:4)
  3 adders
  A worm (D:3)
  7 orcs
  7 ball pythons
  3 bats
  4 endoplasms
  3 goblins
  3 hobgoblins
  2 jackals (D:2)
  3 kobolds
  2 quokkas
  A frilled lizard (D:3)
  2 rats (D:2)
51 creatures vanquished.

Vanquished Creatures (others)
  17 fungi (D:5)
17 creatures vanquished.

Grand Total: 68 creatures vanquished

Notes
Turn   | Place    | Note
-------+----------+-------------------------------------------
     0 | D:1      | Illumine the Meteoran Transmuter began the quest for the
                  | Orb.
     0 | D:1      | Reached XP level 1. HP: 16/16 MP: 5/5
   245 | D:1      | Reached XP level 2. HP: 23/23 MP: 4/6
   254 | D:1      | Learned a level 2 spell: Wereblood
   431 | D:2      | Reached XP level 3. HP: 21/28 MP: 6/8
   534 | D:2      | Learned a level 3 spell: Spider Form
   545 | D:3      | Noticed Jessica
   549 | D:3      | Killed Jessica
   550 | D:3      | Reached skill level 3 in Transmutations
   550 | D:3      | Reached XP level 4. HP: 36/36 MP: 7/9
   609 | D:3      | Noticed Natasha
   614 | D:3      | Killed Natasha
   615 | D:3      | Reached XP level 5. HP: 39/41 MP: 8/10
   690 | D:3      | Reached skill level 4 in Transmutations
   960 | D:3      | Noticed Sigmund
  1077 | D:4      | Reached XP level 6. HP: 37/50 MP: 7/11
  1146 | D:4      | Reached skill level 1 in Poison Magic
  1252 | D:4      | Learned a level 2 spell: Blink
  1532 | D:5      | Entered Level 5 of the Dungeon
  1545 | D:4      | HP: 3/75 [gnoll/+0 halberd[a gnoll bouda] (3)]
  1753 | D:5      | Found a staircase to the Ecumenical Temple.
  1758 | Temple   | Entered the Ecumenical Temple
  1767 | Temple   | Became a worshipper of Cheibriados the Contemplative
  1821 | D:5      | Noticed an ogre
  1827 | D:5      | Killed an ogre
  1828 | D:5      | Reached skill level 5 in Transmutations
  1828 | D:5      | Reached XP level 7. HP: 5/57 MP: 12/12
  1855 | D:5      | HP: 2/57 [poisoned by an adder]
  1858 | D:5      | Slain by an adder

Illustrated notes

Levels and vault maps discovered:
D:1:      dpeg_arrival_shelter, layout_basic, hellmonk_ecumenical_altar_zigzags
D:2:      layout_rooms, serial_co_window_serial, co_window_corner_a,
          co_window_corner_a, co_window_corner_a, co_window_corner_a,
          co_window_cross_1, co_window_broadway_b, co_window_unsneaky_path_b,
          co_window_corner_b, co_window_corner_ca, co_window_of_opportunity_b,
          co_window_4corner_a, glass_columns_c, glass_columns_a,
          glass_columns_b, glass_columns_a
D:3:      layout_loops_ring, uniq_sigmund, uniq_natasha, uniq_grinder,
          uniq_jessica
D:4:      layout_rooms
D:5:      layout_basic, mainiacjoe_overflow_chevrons, temple_doors_e
Temple:   nicolae_temple_two_arcs

Skill      XL: |  1  2  3  4  5  6 |
---------------+-------------------+-----
Spellcasting   | 3 |  3.1
Unarmed Combat | 4 |  4.5
Fighting       | 2 3 |  3.2
Dodging        | 3 4 |  4.2
Transmutations | 3 4 5 |  5.2
Poison Magic   | 1 |  1.9

Action                     |  1- 3 |  4- 6 |  7- 9 || total
---------------------------+-------+-------+-------++-------
  Melee: Unarmed           |    47 |    87 |     8 ||   142
         Headbutt          |     6 |    15 |       ||    21
         Kick              |    10 |    17 |     2 ||    29
         Punch             |       |     1 |     1 ||     2
   Cast: Beastly Appendage |     9 |    16 |     1 ||    26
         Wereblood         |     1 |     3 |       ||     4
         Spider Form       |       |     3 |       ||     3
    Use: Potion            |       |     2 |     2 ||     4
         Scroll            |       |       |     1 ||     1
 Armour: Robe              |    10 |     6 |     2 ||    18
         Skin              |       |     8 |     1 ||     9
  Dodge: Dodged            |    19 |    53 |     6 ||    78

Table legend: (Time is in decaauts)
 A = Elapsed time spent in this place.
 B = Non-inter-level travel time spent in this place.
 C = Inter-level travel time spent in this place.
 D = Time resting spent in this place.
 E = Time spent auto-exploring this place.
 F = Levels seen in this place.
 G = Mean time per level.
                   A        B        C        D        E       F      G
               +--------+--------+--------+--------+--------+-----+--------+
         Total |   1861 |   1837 |     24 |    208 |   1066 |   6 |  310.2 |
       Dungeon |   1840 |   1816 |     24 |    208 |   1066 |   5 |  368.0 |
        Temple |     20 |     20 |      0 |      0 |      0 |   1 |   20.0 |
               +--------+--------+--------+--------+--------+-----+--------+

Top non-repeatable levels by time:
     D:4: 674 daAuts
     D:3: 485 daAuts
     D:2: 279 daAuts
     D:1: 256 daAuts
     D:5: 143 daAuts
  Temple: 20 daAuts
